 Dungeon Crawl Stone Soup version 0.20-a0-522-g0b37eee (webtiles) character file.

273 Kaname the Charmwright (level 6, 40/47 HPs)
             Began as a Demonspawn Skald on Jan 25, 2017.
             Quit the game on level 2 of the Dungeon.
             The game lasted 00:07:44 (3601 turns).

Kaname the Charmwright (Demonspawn Skald)           Turns: 3601, Time: 00:07:45

Health: 40/47      AC:  5    Str: 12    XL:     6   Next: 3%
Magic:  3/10       EV: 11    Int: 16    God:
Gold:   52         SH:  0    Dex: 12    Spells: 3/11 levels left

rFire    . . .     SeeInvis +   a - +0 spear
rCold    + . .     Gourm    .   b - +0 leather armour
rNeg     . . .     Faith    .   (no shield)
rPois    .         Spirit   .   (no helmet)
rElec    .         Reflect  .   (no cloak)
rCorr    .         Harm     .   (no gloves)
MR       .....                  (no boots)
Stlth    +.........             (no amulet)
Regen    0.2/turn               (no ring)
                                h - ring of see invisible

@: infused, very slightly contaminated
A: talons 2, yellow scales 1, cold resistance 1
a: no special abilities


You were on level 2 of the Dungeon.
You were not hungry.

You visited 1 branch of the dungeon, and saw 2 of its levels.

You collected 52 gold pieces.

Inventory:

Hand Weapons
 a - a +0 spear (weapon)
Armour
 b - a +0 leather armour (worn)
Jewellery
 h - a ring of see invisible (left hand)
Wands
 j - a wand of paralysis (9/24)
 o - a wand of lightning (5/15)
Scrolls
 e - a scroll of enchant weapon {unknown}
 f - a scroll of immolation {unknown}
 k - a scroll of amnesia {unknown}
 r - a scroll of teleportation {unknown}
Potions
 g - 2 potions of flight
 l - a potion of heal wounds {unknown}
 m - a potion of might {unknown}
 p - 3 potions of curing
 q - a potion of cancellation {unknown}
Books
 c - a book of Battle

   Spells                             Type                      Level
   a - Infusion                       Charms                       1
   b - Shroud of Golubria             Charms/Translocation         2
   c - Song of Slaying                Charms                       2
   d - Spectral Weapon                Hexes/Charms                 3
   e - Regeneration                   Charms/Necromancy            3
Comestibles
 d - 3 bread rations
 i - 3 meat rations
 n - 6 fruits


   Skills:
 - Level 3.0 Fighting
 + Level 3.8 Polearms
 - Level 0.8 Armour
 - Level 1.7 Dodging
 - Level 3.0 Spellcasting
 - Level 4.0 Charms


You had 3 spell levels left.
You knew the following spells:

 Your Spells              Type           Power        Failure   Level  Hunger
a - Infusion              Chrm           ###.         6%          1    #......
b - Song of Slaying       Chrm           ###.....     10%         2    ##.....
c - Shroud of Golubria    Chrm/Tloc      #.........   17%         2    ##.....
d - Regeneration          Chrm/Necr      #.........   34%         3    ###....


Dungeon Overview and Level Annotations

Branches:
Dungeon (2/15)

Altars:
Dithmenos
Fedhas
Makhleb


Innate Abilities, Weirdness & Mutations

You have razor-sharp toenails.
You are partially covered in yellow scales. (AC +2)
Your flesh is cold resistant. (rC+)


Message History

You barely miss Crazy Yiuf.
Crazy Yiuf is severely wounded.
Crazy Yiuf barely misses you.
You hit Crazy Yiuf.
Crazy Yiuf is almost dead.
Crazy Yiuf cries, "Lugonu sizzlefizz alas!"
Crazy Yiuf hits you with a quarterstaff of chaos.
Crazy Yiuf burns you.
You hit Crazy Yiuf.
You kill Crazy Yiuf!
You have reached level 6!
Your experience leads to an increase in your attributes!
Increase (S)trength, (I)ntelligence, or (D)exterity?
You feel clever.
Your demonic ancestry asserts itself...
Yellow scales grow over part of your body.
q - an inky potion
There is an open door, spattered with blood here.
Things that are here:
a quarterstaff of chaos; a cloak Are you sure you want to abandon this character and quit the game? (Confirm with "yes".)

#######
......#
#####.# #.#
#####
#####.#####
#..)#
..........#
#...#
####..##..##
#...#
#..##...#
#@#
#..#....#
##.#
####..#....#
#.##
#...†...[..#
##.#
#.###......#
#.## #.#
#....###
##.## ..#
###..###
#...## #.#
#.#..#
#....#
#.#####..###
#....#


There were no monsters in sight!

Vanquished Creatures
  A crimson imp (D:2)
  Crazy Yiuf (D:2)
  Jessica (D:2)
  Ijyb (D:2)
  Natasha (thrice) (D:2)
  3 adders (D:2)
  An ooze (D:2)
  2 worms (D:2)
  A dart slug (D:1)
  2 bats
  2 giant cockroaches (D:2)
  6 goblins
  5 hobgoblins
  3 jackals (D:1)
  A quokka (D:1)
  A ball python (D:1)
  2 frilled lizards
  13 kobolds
  7 rats
56 creatures vanquished.

Notes
Turn   | Place    | Note
-------+----------+-------------------------------------------
     0 | D:1      | Kaname the Demonspawn Skald began the quest for the Orb.
     0 | D:1      | Reached XP level 1. HP: 16/16 MP: 3/3
   684 | D:1      | Reached skill level 3 in Charms
   709 | D:1      | Gained mutation: You have sharp toenails. [demonic ancestry]
   709 | D:1      | Reached XP level 2. HP: 19/22 MP: 3/5
   713 | D:1      | Learned a level 2 spell: Song of Slaying
   716 | D:1      | Learned a level 2 spell: Shroud of Golubria
  1587 | D:1      | Reached XP level 3. HP: 27/27 MP: 6/6
  1856 | D:2      | Found a blossoming altar of Fedhas.
  1869 | D:2      | Reached skill level 4 in Charms
  1979 | D:2      | Noticed Natasha
  2228 | D:2      | Gained mutation: Your flesh is cold resistant. (rC+) [demonic ancestry]
  2228 | D:2      | Reached XP level 4. HP: 21/33 MP: 0/7
  2359 | D:2      | Killed Natasha
  2364 | D:2      | Learned a level 3 spell: Regeneration
  2372 | D:2      | Found a shadowy altar of Dithmenos.
  2440 | D:2      | Noticed Jessica
  2457 | D:2      | Killed Jessica
  2933 | D:2      | Noticed Ijyb
  2944 | D:2      | Killed Ijyb
  2944 | D:2      | Gained mutation: You have razor-sharp toenails. [demonic ancestry]
  2944 | D:2      | Reached XP level 5. HP: 41/41 MP: 0/9
  2956 | D:2      | Noticed Natasha
  2976 | D:2      | Killed Natasha
  3099 | D:2      | Noticed Natasha
  3314 | D:2      | Killed Natasha
  3444 | D:2      | Found a burning altar of Makhleb.
  3583 | D:2      | Found a runed door.
  3588 | D:2      | Noticed Crazy Yiuf
  3598 | D:2      | Killed Crazy Yiuf
  3598 | D:2      | Gained mutation: You are partially covered in yellow scales. (AC +2) [demonic ancestry]
  3598 | D:2      | Reached XP level 6. HP: 39/47 MP: 3/10
  3601 | D:2      | Quit the game

Vault maps used:
D:1:      kennysheep_arrival_seaside, minmay_misc_feat_four_crosses
D:2:      nicolae_dithmenos_through_a_glass_darkly, makhleb_grotto_becter,
          fedhas_altar_1, uniq_crazy_yiuf_cottage, uniq_natasha, uniq_iyjb,
          uniq_jessica

Skill      XL: |  1  2  3  4  5 |
---------------+----------------+-----
Polearms       | 2 3 |  3.8
Charms         | 3 4 |  4.0
Spellcasting   | 3 |  3.0
Fighting       | 3 |  3.0
Armour         | |  0.8
Dodging        | |  1.7

Action                   |  1- 3 |  4- 6 || total
-------------------------+-------+-------++-------
Melee: Spear             |   143 |    90 ||   233
       Kick              |    16 |    14 ||    30
 Cast: Infusion          |     9 |     6 ||    15
Evoke: Wand              |       |     1 ||     1
  Use: Scroll            |     3 |     1 ||     4
 Stab: Sleeping          |       |     1 ||     1
  Eat: Chunk             |     4 |     5 ||     9
Armor: Leather armour    |    22 |     7 ||    29
Dodge: Dodged            |    50 |    28 ||    78
